 Dungeon Crawl Stone Soup version 0.28.0 (webtiles) character file.

Game seed: 11281603158131399357

8572 Ijustatesigmund the Fighter (level 11, -11/73 HPs)
             Began as a Gargoyle Fighter on Feb 11, 2022.
             Was a Priest of Cheibriados.
             Mangled by an entropy weaver simulacrum (18 damage)
             ... in an ice cave.
             The game lasted 00:17:32 (21765 turns).

Ijustatesigmund the Fighter (Gargoyle Fighter)     Turns: 21765, Time: 00:17:33

Health: -11/73     AC: 19    Str: 37    XL:     11   Next: 33%
Magic:  16/16      EV: 10    Int: 18    God:    Cheibriados [***...]
Gold:   558        SH:  7    Dex: 21    Spells: 10/10 levels left

rFire   . . .      SeeInvis .   a - +1 flail (protect)
rCold   + . .      Faith    .   c - +1 buckler
rNeg    + . .      Spirit   .   b - +2 ring mail {rC+}
rPois   ∞          Reflect  .   (no helmet)
rElec   +          Harm     .   (no cloak)
rCorr   +          Rampage  .   (no gloves)
Will    +....                   s - +1 pair of boots
Stlth   +.........              (no amulet)
HPRegen 0.22/turn               m - +6 ring of strength
MPRegen 0.15/turn               p - ring of resist corrosion

@: hasted, slow
A: sickness immunity, AC +8, negative energy resistance 1, electricity
resistance, torment resistance 1, petrification resistance, agile 2,
strong-willed 1, subdued magic 1
a: Renounce Religion, Bend Time, Temporal Distortion


You were in an ice cave.
You worshipped Cheibriados.
Cheibriados was most pleased with you.
You visited 2 branches of the dungeon, and saw 12 of its levels.
You also visited: Ice Cave.

You collected 558 gold pieces.

Inventory:

Hand Weapons
 a - a +1 flail of protection (weapon)
 u - a +2 flail of freezing
Missiles
 r - 2 javelins (quivered)
Armour
 b - a +2 ring mail of cold resistance (worn)
 c - a +1 buckler (worn)
 s - a +1 pair of boots (worn)
Jewellery
 m - a +6 ring of strength (left hand)
 p - a ring of resist corrosion (right hand)
 w - a ring of flight
 C - a +4 ring of slaying
 D - a ring of willpower
Wands
 q - a wand of polymorph (8)
 t - a wand of flame (57)
 v - a wand of mindburst (7)
 x - a wand of digging (8)
 y - a wand of charming (7)
 B - a wand of iceblast (2)
Scrolls
 f - 5 scrolls of teleportation
 z - a scroll of enchant armour
 E - a scroll of fear
Potions
 d - a potion of might
 e - a potion of curing
 g - 5 potions of attraction
 h - 2 potions of invisibility
 i - 2 potions of brilliance
 j - 2 potions of mutation
 k - a potion of ambrosia {unknown}
 l - a potion of haste
 n - a potion of magic {unknown}
 o - 2 potions of resistance {unknown}
 A - a potion of cancellation {unknown}
 F - a potion of flight {unknown}


   Skills:
 + Level 10.7 Fighting
 + Level 10.3 Maces & Flails
 - Level 2.8 Throwing
 + Level 9.1 Armour
 - Level 3.2 Shields
 + Level 6.9 Invocations


You had 10 spell levels left.
You didn't know any spells.
Your spell library contained the following spells:

 Spells                   Type           Power      Damage    Failure   Level
 Animate Skeleton         Necr           0%         N/A       32%         1
 Apportation              Tloc           0%         N/A       32%         1
 Pain                     Necr           0%         1d4       32%         1
 Slow                     Hex            0%         N/A       32%         1
 Confusing Touch          Hex            0%         N/A       69%         3
 Dazzling Flash           Conj/Hex       0%         N/A       69%         3
 Frozen Ramparts          Ice            0%         1d2       69%         3
 Vampiric Draining        Necr           0%         2d6       69%         3
 Fulminant Prism          Conj/Hex       0%         3d6       98%         4
 Ice Form                 Ice/Tmut       0%         N/A       98%         4
 Iskenderun's Mystic Bla  Conj/Tloc      0%         2d3       98%         4
 Summon Ice Beast         Ice/Summ       0%         N/A       98%         4
 Alistair's Intoxication  Tmut/Pois      0%         N/A       100%        5
 Lee's Rapid Deconstruct  Erth           0%         3d5*      100%        5
 Starburst                Conj/Fire      0%         6d3       100%        6


Dungeon Overview and Level Annotations

Branches:
Dungeon (11/15)            Temple (1/1) D:6            Lair (0/6) D:10
    Orc (0/2) D:10          IceCv (1/1)

Altars:
Ashenzari
Cheibriados
Dithmenos
Elyvilon
Fedhas
Gozag
Hepliaklqana
Kikubaaqudgha
Makhleb
Nemelex Xobeh
Okawaru
Qazlal
Ru
Sif Muna
Trog
Uskayaw
Vehumet
Wu Jian
Xom
Yredelemnul
Zin
The Shining One

Shops:
D:3 :(   D:9 [


Innate Abilities, Weirdness & Mutations

You are immune to sickness and miasma.
Your stone body is resilient. (AC +8)
You are immune to poison.
You resist negative energy. (rN+)
You are resistant to electric shocks. (rElec)
You are resistant to unholy torment.
You are immune to petrification.
You are very agile. (Dex +4)
You are strong-willed. (Will+)
Your spells are a little easier to cast, but a little less powerful.


Message History

No target in view!
No target in view!
No target in view!
No target in view!
No target in view!
No target in view!
You see here a rime drake corpse.
There is a frozen archway here.
The world spins around you as you enter the gateway.
You enter an ice cave!
Found an ice covered gate leading back out of this place.
There is an ice choked empty arch of ancient stone here.
A glowing shapeshifter simulacrum comes into view.
The entropy weaver simulacrum hits you but does no damage.
The entropy weaver simulacrum hits you.
The entropy weaver simulacrum freezes you!
You resist. The entropy weaver simulacrum hits you.
The entropy weaver simulacrum freezes you.
You resist.
The entropy weaver simulacrum barely misses you.
You block the entropy weaver simulacrum's attack.
The entropy weaver simulacrum hits you but does no damage.
The entropy weaver simulacrum hits you.
The entropy weaver simulacrum freezes you!!
You resist.
* * * LOW HITPOINT WARNING * * *
The entropy weaver simulacrum hits you but does no damage.
It was a potion of mutation.
You feel extremely strange.
You feel strong-willed.
Your connection to magic feels subdued.
You feel agile. x2
The entropy weaver simulacrum barely misses you. x2
The entropy weaver simulacrum hits you but does no damage. x2
It was a potion of haste.
You feel yourself speed up.
Cheibriados forgives your accidental hurry, just this once.
The entropy weaver simulacrum hits you but does no damage. x2
The entropy weaver simulacrum barely misses you.
The entropy weaver simulacrum hits you.
* * * LOW HITPOINT WARNING * * *
The entropy weaver simulacrum freezes you!!
You resist.
You die...

# ### .#
##.## .#
#...##..#
#∩∩.ZZ..#
#..@##..#
##.## ###


You could see a glowing shapeshifter simulacrum and an entropy weaver
simulacrum.

Vanquished Creatures
  Harold (D:10)
  Pikel (D:9)
  2 rime drakes (D:11)
  A komodo dragon (D:11)
  A troll (D:10)
  A hornet (D:9)
  2 meliai zombies (D:10)
  A shadow (D:10)
  2 wyverns (D:9)
  6 yaks (D:7)
  3 orc warriors
  A hornet zombie (D:7)
  2 ice beasts
  4 black bears
  3 necrophages
  2 wolves (D:10)
  3 centaurs
  4 ogres
  2 lemures (D:9)
  2 kobold brigands
  5 bullfrogs
  A wyvern zombie (D:6)
  A gnoll sergeant (D:6)
  2 scorpions
  11 killer bees
  8 wights
  5 electric eels (D:10)
  3 howler monkeys (D:7)
  3 centaur zombies
  4 orc priests
  8 hounds
  Jessica (D:2)
  Terence (D:2)
  4 iguanas
  Natasha (thrice) (D:2)
  2 orc wizards
  3 hound skeletons
  A howler monkey zombie (D:6)
  6 gnolls
  10 adders
  A howler monkey skeleton (D:4)
  2 ufetubi
  An adder skeleton (D:4)
  A worm (D:2)
  3 dart slugs
  24 orcs
  5 ball pythons
  6 bats
  8 endoplasms
  3 giant cockroaches (D:3)
  8 goblins
  3 hobgoblins
  4 jackals (D:5)
  3 quokkas
  2 frilled lizards
  18 kobolds
  5 rats
223 creatures vanquished.

Vanquished Creatures (collateral kills)
  2 orcs (D:3)
2 creatures vanquished.

Vanquished Creatures (others)
  3 orcs (D:10)
  12 plants (D:2)
15 creatures vanquished.

Grand Total: 240 creatures vanquished

Notes
Turn   | Place    | Note
-------+----------+-------------------------------------------
     0 | D:1      | Ijustatesigmund the Gargoyle Fighter began the quest for
                  | the Orb.
     0 | D:1      | Reached XP level 1. HP: 14/14 MP: 1/1
    87 | D:1      | Reached XP level 2. HP: 19/19 MP: 2/2
   317 | D:1      | Reached XP level 3. HP: 24/24 MP: 3/3
  1241 | D:2      | Noticed Terence
  1249 | D:2      | Killed Terence
  1250 | D:2      | Reached XP level 4. HP: 23/29 MP: 4/4
  1552 | D:2      | Noticed Jessica
  1561 | D:2      | Killed Jessica
  1655 | D:2      | Reached XP level 5. HP: 12/34 MP: 5/5
  1904 | D:2      | Found a faded altar of an unknown god.
  2041 | D:2      | Noticed Natasha
  2045 | D:2      | Killed Natasha
 10965 | D:2      | Glimpsed the power of Zot.
 11089 | D:3      | Found Ifabb's Book Shoppe.
 11177 | D:3      | Found Teixeoq's Weapon Shoppe.
 11281 | D:2      | Noticed Natasha
 11287 | D:2      | Killed Natasha
 11288 | D:2      | Reached skill level 5 in Maces & Flails
 11288 | D:2      | Reached XP level 6. HP: 33/40 MP: 6/6
 11443 | D:2      | Noticed Natasha
 11449 | D:2      | Killed Natasha
 11493 | D:3      | Reached skill level 5 in Fighting
 11531 | D:3      | Noticed a black bear
 11540 | D:3      | Killed a black bear
 11789 | D:4      | Noticed a necrophage
 11799 | D:4      | Killed a necrophage
 11800 | D:4      | Reached XP level 7. HP: 44/44 MP: 7/7
 11832 | D:4      | Reached skill level 1 in Throwing
 12603 | D:4      | Reached XP level 8. HP: 23/52 MP: 8/8
 13369 | D:5      | Entered Level 5 of the Dungeon
 14053 | D:5      | Found a white marble altar of Elyvilon.
 15196 | D:6      | Reached skill level 5 in Armour
 15260 | D:6      | Reached XP level 9. HP: 59/59 MP: 9/9
 15640 | D:6      | Found a staircase to the Ecumenical Temple.
 15654 | Temple   | Entered the Ecumenical Temple
 15779 | Temple   | Became a worshipper of Cheibriados the Contemplative
 15951 | D:6      | Reached skill level 1 in Invocations
 16059 | D:6      | Identified the +1 robe "Vunutrue" {Str+3}
 16795 | D:7      | Reached * piety under Cheibriados
 16815 | D:7      | Reached XP level 10. HP: 30/66 MP: 12/12
 17951 | D:8      | Reached ** piety under Cheibriados
 18622 | D:9      | Reached skill level 5 in Invocations
 18698 | D:9      | Noticed Pikel
 18711 | D:9      | Killed Pikel
 19026 | D:9      | Found Qosial's Antique Armour Emporium.
 19157 | D:10     | Entered Level 10 of the Dungeon
 19167 | D:10     | Reached skill level 10 in Fighting
 19274 | D:10     | Found a staircase to the Lair.
 19314 | D:10     | Reached *** piety under Cheibriados
 19829 | D:10     | Reached skill level 10 in Maces & Flails
 19829 | D:10     | Reached XP level 11. HP: 72/72 MP: 15/15
 20226 | D:10     | Noticed Harold
 20250 | D:10     | Killed Harold
 20673 | D:10     | Found a staircase to the Orcish Mines.
 21375 | D:10     | Found an ornate altar of the Wu Jian Council.
 21738 | D:11     | Found a frozen archway.
 21760 | IceCv    | Entered an ice cave
 21764 | IceCv    | Gained mutation: You are strong-willed. (Will+) [potion of
                  | mutation]
 21764 | IceCv    | Gained mutation: Your spells are a little easier to cast,
                  | but a little less powerful. [potion of mutation]
 21764 | IceCv    | Gained mutation: You are agile. (Dex +2) [potion of
                  | mutation]
 21764 | IceCv    | Gained mutation: You are very agile. (Dex +4) [potion of
                  | mutation]
 21765 | IceCv    | Mangled by an entropy weaver simulacrum

Illustrated notes

Levels and vault maps discovered:
D:1:      amcnicky_arrival_underground_garden, layout_loops_cross,
          roderic_lattice_a
D:2:      layout_basic, dilly_ecumenical_altar_fadedgnrine, uniq_jessica,
          uniq_terence, uniq_natasha
D:3:      layout_rooms, serial_shops, nicolae_shop_bloodbath_and_beyond,
          nicolae_lakefront_shop, minmay_unequal
D:4:      layout_cave_pods, minmay_diced_spiral
D:5:      layout_basic, mainiacjoe_overflow_alcove_1
D:6:      layout_basic, temple_fountains, dk_noncrumbling_2, grunt_ministairs_2,
          st_stairs_1
D:7:      layout_rooms
D:8:      layout_basic
D:9:      layout_loops_ring, nicolae_take_the_stairs, uniq_pikel
D:10:     layout_basic, pdpol_wu_jian_five_deadly_venoms, erik_lair_island,
          david_orc_2, dk_noncrumbling_4, uniq_harold
D:11:     layout_roguey, portal_ice_cave_rime, uniq_fannar
Temple:   regret_index_temple_chain_breaker
IceCv:    ice_cave_hellmonk_azure_passage

Skill      XL: |  1  2  3  4  5  6  7  8  9 10 11 |
---------------+----------------------------------+-----
Maces & Flails | 3 4 5 6 7 8 10 | 10.3
Fighting       | 4 5 6 7 9 10 | 10.7
Throwing       | 2 |  2.8
Armour         | 5 7 8 9 |  9.1
Invocations    | 3 6 |  6.9
Shields        | |  3.2

Action                   |  1- 3 |  4- 6 |  7- 9 | 10-12 || total
-------------------------+-------+-------+-------+-------++-------
Melee: Flail             |    99 |    97 |   358 |   365 ||   919
       Unarmed           |       |     1 |       |       ||     1
Throw: Javelin           |       |       |     8 |       ||     8
Evoke: Wand              |       |       |     3 |    11 ||    14
  Use: Scroll            |     5 |     3 |     5 |     3 ||    16
       Potion            |       |       |       |     6 ||     6
Armor: Scale mail        |    28 |       |       |       ||    28
       Chain mail        |    34 |    56 |   274 |   252 ||   616
       Ring mail         |       |       |       |    67 ||    67
Dodge: Dodged            |    52 |    38 |   131 |   190 ||   411
Block: Buckler           |    25 |    13 |   112 |   143 ||   293
